 Dungeon Crawl Stone Soup version 0.27.0-1-g7a089689b8 (webtiles) character file.

Game seed: 1343626761940450128

4 dolemite99 the Poker (level 1, -1/16 HPs)
             Began as a Demonspawn Gladiator on Aug 2, 2021.
             Frozen to death by an endoplasm (3 damage)
             ... on level 1 of the Dungeon.
             The game lasted 00:00:14 (188 turns).

dolemite99 the Poker (Demonspawn Gladiator)          Turns: 188, Time: 00:00:14

Health: -1/16      AC:  4    Str: 14    XL:     1   Next: 58%
Magic:  1/1        EV: 12    Int:  9    God:
Gold:   12         SH:  0    Dex: 14    Spells: 0/0 levels left

rFire    . . .     SeeInvis .   a - +0 trident
rCold    . . .     Faith    .   (no shield)
rNeg     . . .     Spirit   .   b - +0 leather armour
rPois    .         Reflect  .   c - +0 helmet
rElec    .         Harm     .   (no cloak)
rCorr    .         Rampage  .   (no gloves)
Will     .....                  (no boots)
Stlth    +.........             (no amulet)
HPRegen  0.05/turn              (no ring)
MPRegen  0.07/turn              (no ring)

@: very slow
A: no striking features
a: no special abilities


You were on level 1 of the Dungeon.
You visited 1 branch of the dungeon, and saw 1 of its levels.

You collected 12 gold pieces.

Inventory:

Hand Weapons
 a - a +0 trident (weapon)
Missiles
 d - 3 throwing nets (quivered)
Armour
 b - a +0 leather armour (worn)
 c - a +0 helmet (worn)
Jewellery
 e - a ring of protection from cold


   Skills:
 - Level 2.0 Fighting
 + Level 3.0 Polearms
 - Level 1.7 Throwing
 - Level 2.6 Dodging


You couldn't memorise any spells.
You didn't know any spells.
Your spell library was empty.

Dungeon Overview and Level Annotations

Branches:
Dungeon (1/15)

Altars:


Message History

You are too injured to fight recklessly!
You are too injured to fight recklessly!
You are too injured to fight recklessly!
You are too injured to fight recklessly!
You are too injured to fight recklessly!
You are too injured to fight recklessly!
Your unstable footing causes you to fumble your attack.
The endoplasm splashes around in the water.
You hit the endoplasm but do no damage.
The endoplasm is severely wounded.
The endoplasm closely misses you. The endoplasm freezes you.
You are frozen.
* * * LOW HITPOINT WARNING * * *
Your unstable footing causes you to fumble your attack.
The endoplasm closely misses you.
You hit the endoplasm but do no damage.
The endoplasm is severely wounded.
The endoplasm freezes you.
You are frozen.
* * * LOW HITPOINT WARNING * * *
Your unstable footing causes you to fumble your attack.
The endoplasm misses you.
Your unstable footing causes you to fumble your attack.
The endoplasm misses you.
You hit the endoplasm but do no damage.
The endoplasm is severely wounded.
The endoplasm splashes around in the water.
You barely miss the endoplasm.
The endoplasm is severely wounded.
The endoplasm splashes around in the water.
The endoplasm barely misses you.
Your unstable footing causes you to fumble your attack.
The endoplasm closely misses you.
Your unstable footing causes you to fumble your attack.
The endoplasm barely misses you.
Your unstable footing causes you to fumble your attack.
The endoplasm freezes you.
You are frozen.
You die...

.......≈.P≈♣≈≈≈P≈≈#
#######≈P≈≈♣≈♣PP.## .#
>......P≈≈≈♣♣PPP≈#####.#
.######≈P≈≈≈≈♣P≈........
.# #.PP≈≈≈♣PPPP...... .#
#.PPP.≈≈♣≈≈≈.≈P.. ##
#..#..PPP♣≈≈≈PP.## #
#####..#.#.P.≈P≈♣≈≈.P#
###......#.#.#.P@P≈PP≈.#
≈≈##.....#.#.....J..P≈≈#
≈≈≈##.#..#.###.###.≈≈P..
.P≈≈###..#.# #.# ###...
..≈≈≈##..#. #.. ##
.8^P≈##..#. ####
..≈≈≈##..# .P≈≈###..#
≈≈≈##.#..#


You could see an endoplasm.

Vanquished Creatures
  An endoplasm (D:1)
  A kobold (D:1)
  A quokka (D:1)
  A frilled lizard (D:1)
4 creatures vanquished.

Vanquished Creatures (others)
  3 plants (D:1)
3 creatures vanquished.

Grand Total: 7 creatures vanquished

Notes
Turn   | Place    | Note
-------+----------+-------------------------------------------
     0 | D:1      | dolemite99 the Demonspawn Gladiator began the quest for the
                  | Orb.
     0 | D:1      | Reached XP level 1. HP: 16/16 MP: 1/1
   166 | D:1      | Reached skill level 3 in Polearms
   188 | D:1      | Frozen to death by an endoplasm

Illustrated notes

Levels and vault maps discovered:
D:1:      lightli_arrival_statuegarden, layout_basic, serial_shops,
          nicolae_shop_overgrown_old_shop, serial_bayou_lagoon_a

Skill      XL: |  1 |
---------------+----+-----
Polearms       | 3 |  3.0
Fighting       | |  2.0
Throwing       | |  1.7
Dodging        | |  2.6

Action                   || total
-------------------------++-------
Melee: Trident           ||    29
Armor: Leather armour    ||     1
Dodge: Dodged            ||    15
